 Dungeon Crawl Stone Soup version 0.31.0-11-ge490571c62 (webtiles) character file.

Game seed: 6824144203792872752

3 Goblin1989 the Sneak (level 1, 0/18 HPs)
             Began as a Demonspawn Delver on Feb 10, 2024.
             Succumbed to a kobold's poison
             ... on level 3 of the Dungeon.
             The game lasted 00:01:25 (160 turns).

Goblin1989 the Sneak (Demonspawn Delver)             Turns: 160, Time: 00:01:26

Health: 0/18       AC:  3    Str: 12    XL:     1   Next: 41%
Magic:  1/1        EV: 11    Int: 10    God:
Gold:   10         SH:  0    Dex: 14    Spells: 0/0 levels left

rFire   . . .        a - +0 short sword
rCold   . . .        (no shield)
rNeg    . . .        b - +0 leather armour
rPois   .            (no helmet)
rElec   .            (no cloak)
rCorr   .            (no gloves)
SInv    +            (no boots)
Will    .....        (no amulet)
Stlth   +++          (no ring)
HPRegen 0.23/turn    (no ring)
MPRegen 0.07/turn

%: no passive effects
@: lethally poisoned (0 -> -6)
A: no striking features
a: no special abilities


You were on level 3 of the Dungeon.
You visited 1 branch of the dungeon, and saw 3 of its levels.

You collected 10 gold pieces.

Inventory:

Hand Weapons
 a - a +0 short sword (weapon)
 i - a +0 executioner's axe
Armour
 b - a +0 leather armour (worn)
 j - a +0 scale mail
 k - a +0 plate armour
Wands
 g - a wand of digging (3) {@v3}
 h - a wand of charming (9)
Scrolls
 c - a scroll of fog
 d - a scroll of revelation
Potions
 f - a potion of haste {@q3,}


   Skills:
 - Level 3.0 Fighting
 - Level 1.7 Short Blades
 - Level 1.7 Dodging
 + Level 4.7 Stealth


You couldn't memorise any spells.
You didn't know any spells.
Your spell library was empty.

Dungeon Overview and Level Annotations

Branches:
Dungeon (5/15) Zot: 17841
 Temple: D:4-7

Altars:

Annotations:
D:3 Sigmund


Message History

Found 8 gold pieces and a scale mail.
You closely miss the ball python. The ball python barely misses you.
The ball python grabs you. The ball python constricts you.
You closely miss the ball python. The ball python bites you.
The ball python constricts you.
You take 1 damage, and have 17/18 hp.
You hit the ball python.
The ball python is heavily wounded.
The ball python barely misses you. The ball python constricts you.
You take 1 damage, and have 16/18 hp.
You closely miss the ball python.
The ball python is heavily wounded.
The ball python completely misses you. The ball python constricts you.
You hit the ball python.
The ball python is severely wounded.
The ball python bites you but does no damage.
The ball python constricts you.
You hit the ball python.
You kill the ball python!
Found an iron wand.
You see here a ball python corpse.
Found an executioner's axe.
Found a plate armour and 2 gold pieces.
You now have 8 gold pieces.
Health restored: 18
h - a wand of charming (9)
You see here a +0 executioner's axe.
i - a +0 executioner's axe You now have 10 gold pieces (gained 2).
You see here a +0 scale mail.
j - a +0 scale mail You see here a +0 plate armour.
k - a +0 plate armour
Found a scroll of revelation.
Found a book of Displacement.
d - 2 scrolls of revelation (gained 1)
Found a stone staircase leading up.
A hound comes into view.
The hound barks!
As you read the scroll of fear, it crumbles to dust.
You assume a fearsome visage.
The hound looks frightened!
An orc comes into view. It is wielding a +0 flail of venom.
There is a stone staircase leading up here.
You climb upwards.
There is a stone staircase leading down here.
The helpless frilled lizard fails to defend itself.
You puncture the frilled lizard!
You kill the frilled lizard!
An endoplasm comes into view.
The endoplasm quivers.
You hit the endoplasm.
The endoplasm is moderately wounded.
You hit the endoplasm.
The endoplasm is almost dead.
The endoplasm freezes you.
You are frozen.
You take 4 damage, and have 14/18 hp.
MASSIVE DAMAGE!!
You hit the endoplasm.
You kill the endoplasm!
A kobold comes into view.
It is wielding a +0 whip and quivering poisoned darts.
You start resting.
HP restored.
Health restored: 18 The kobold shouts!
You hear a shout! x2
You hit the kobold but do no damage. The kobold hits you with a +0 whip.
You take 2 damage, and have 16/18 hp.
You barely miss the kobold. The kobold barely misses you.
You hit the kobold.
The kobold is heavily wounded.
The kobold hits you with a +0 whip.
A kobold comes into view. It is wielding a +0 short sword.
Sigmund the Dreaded comes into view.
He is wielding a +0 scythe.
You take 2 damage, and have 14/18 hp.
You barely miss the kobold.
The kobold is heavily wounded.
The kobold barely misses you.
Sigmund hits you from afar with a +0 scythe.
You take 5 damage, and have 9/18 hp.
MASSIVE DAMAGE!!
You hit the kobold.
The kobold is severely wounded.
The kobold hits you with a +0 whip.
* * * LOW HITPOINT WARNING * * *
You take 3 damage, and have 6/18 hp.
Sigmund barely misses you. The kobold attacks as it pursues you!
The kobold misses you.
The kobold throws a poisoned dart.
The poisoned dart hits you!
You are lethally poisoned!
Sigmund barely misses you.
* * * LOW HITPOINT WARNING * * *
You feel very sick.
You take 2 damage, and have 4/18 hp.
* * * LOW HITPOINT WARNING * * *
You feel sick.
The kobold throws a poisoned dart.
The poisoned dart closely misses you.
You take 2 damage, and have 2/18 hp.
Okay, then.
As you read the scroll of revelation, it crumbles to dust.
You feel aware of your surroundings.
You sensed 2 altars, and 1 shop/portal.
A quokka comes into view.
You die...

█.▓ ▓·······▓·
█████████.█████·······▓·
█>†.........r..··▓▓▓·▓▓·
█.██████..█████▓··▓▓··▓·
█.███████......·········
█.███████.█████▓··▓▓··▓▓
█.███████.██████..█▓····
█.███████@K.......█▓▓·▓▓
█......@..K........·····
█.███████████████..···▓▓
█.█████████████▓▓▓▓▓▓·▓
█████████████.!··▓ ▓·▓
█████████████..··▓▓▓▓·▓
█████..........·······▓▓
██.............··▓▓▓▓···
██...........██▓▓▓ ▓▓▓▓
▓···········▓ ▓


You could see Sigmund, a quokka (wandering) and 2 kobolds.

Vanquished Creatures
  A ball python (D:4)
  An endoplasm (D:3)
  A frilled lizard (D:3)
3 creatures vanquished.

Notes
Turn   | Place    | Note
-------+----------+-------------------------------------------
     0 | D:5      | Goblin1989 the Demonspawn Delver began the quest for the
                  | Orb.
     0 | D:5      | Reached XP level 1. HP: 18/18 MP: 1/1
   103 | D:4      | Noticed a hound
   153 | D:3      | Noticed Sigmund
   160 | D:3      | Succumbed to a kobold's poison

Illustrated notes

Levels and vault maps discovered:
D:3:      layout_basic, mainiacjoe_overflow_boulevard, serial_shops,
          shop_fountains, basic_ecumenical_altar, minmay_hedge_maze,
          uniq_sigmund
D:4:      layout_cave_pods, nicolae_hepliaklqana_hippocampus, serial_shops,
          nicolae_shop_tiny_statue_garden, minmay_strange_pillars, uniq_duvessa
D:5:      layout_basic, trog_wizard, temple_fountains, enter_ossuary_1

Action                     || total
---------------------------++-------
  Melee: Short sword       ||    15
    Use: Scroll            ||     2
   Stab: Sleeping          ||     1
 Armour: Leather armour    ||     6
  Dodge: Dodged            ||     9
